| TOP OF THE 1ST |
|
Mississippi State University Bulldogs batting - Pitching for Coastal Carolina University Chanticleers : RHP Justin Holdeman
|
|
Pitching: RHP Justin Holdeman
|
|
|
Batting: RHB George Wagner
|
0-0: Ball 1-0: Ball 2-0: Ball 3-0: Called Strike 3-1: Swinging Strike 3-2: Foul Ball, location: 2F 3-2: Fly out, F3 (Popup, 23F, EV 80.6 MPH)
|
|
Batting: RHB Bryan Payne
|
0-0: Swinging Strike 0-1: Foul Ball, location: 2F 0-2: Ball 1-2: Ball 2-2: Foul Ball, location: 2F 2-2: Fly out, F9 (Flyball, 9S, EV 91.2 MPH)
|
|
Batting: LHB Rich Matthews
|
0-0: Foul Ball, location: 2F 0-1: Swinging Strike 0-2: Ball 1-2: Foul Ball, location: 2F 1-2: Foul Ball, location: 2F 1-2: Fly out, F8 (Line Drive, 8RD, EV 89.4 MPH)
|
| Top of the 1st over - 0 runs, 0 hits, 0 errors, 0 left on base; Mississippi State University 0 - Coastal Carolina University 0 |
| BOTTOM OF THE 1ST |
|
Coastal Carolina University Chanticleers batting - Pitching for Mississippi State University Bulldogs : LHP Shi-yu Lou
|
|
Pitching: LHP Shi-yu Lou
|
|
|
Batting: SHB Gustavo Froio
|
0-0: Ball 1-0: Called Strike 1-1: Reached on error, E6 (Groundball, 6, EV 83.8 MPH)
|
|
Batting: SHB Brian Zazulak
|
0-0: Ball 1-0: Called Strike 1-1: Ball 2-1: Fielders Choice at 2nd, 5-4 (Groundball, 56D, EV 90.0 MPH)
|
|
Batting: SHB Guy Jerome
|
0-0: Called Strike 0-1: Ball 1-1: Ball Wild Pitch! Brian Zazulak to second 2-1: Foul Ball, location: 2F 2-2: Foul Ball, location: 2F 2-2: Foul Ball, location: 2F 2-2: Foul Ball, location: 2F 2-2: Foul Ball, location: 2F 2-2: Foul Ball, location: 2F 2-2: Ball Passed Ball! Brian Zazulak to third 3-2: Ground out 6-3 (Groundball, 6, EV 86.9 MPH) Brian Zazulak scores
|
|
Batting: RHB Steve Hutchins
|
0-0: Ball 1-0: Foul Ball, location: 2F 1-1: Ball 2-1: Swinging Strike 2-2: Ball 3-2: Strikes out swinging
|
| Bottom of the 1st over - 1 run, 0 hits, 1 error, 0 left on base; Mississippi State University 0 - Coastal Carolina University 1 |
| TOP OF THE 2ND |
|
Mississippi State University Bulldogs batting - Pitching for Coastal Carolina University Chanticleers : RHP Justin Holdeman
|
|
Batting: RHB Xiao-shuang Au
|
0-0: Ball 1-0: Fly out, F9 (Flyball, 9, EV 85.6 MPH)
|
|
Batting: RHB Alain Marquet
|
0-0: Ball 1-0: Ball 2-0: Called Strike 2-1: SINGLE (Groundball, 56D, EV 102.5 MPH)
|
|
Batting: SHB Corey Penson
|
0-0: Called Strike 0-1: Ball 1-1: SINGLE (Groundball, 34D, EV 99.4 MPH) Alain Marquet to second Runner from 2nd tries for 3rd, SAFE, no throw by RF
|
|
Batting: RHB Mike Bearden
|
0-0: Called Strike 0-1: Ball 1-1: Fly out, F7 (Flyball, 7S, EV 80.0 MPH)
|
|
Batting: LHB Dave Carlisle
|
0-0: Foul Ball, location: 2F 0-1: Swinging Strike 0-2: Ball 1-2: Fielders Choice at 2nd, 5-4 (Groundball, 56, EV 84.4 MPH)
|
| Top of the 2nd over - 0 runs, 2 hits, 0 errors, 2 left on base; Mississippi State University 0 - Coastal Carolina University 1 |
| BOTTOM OF THE 2ND |
|
Coastal Carolina University Chanticleers batting - Pitching for Mississippi State University Bulldogs : LHP Shi-yu Lou
|
|
Batting: RHB Francisco Cabrera
|
0-0: Called Strike 0-1: Ball 1-1: Foul Ball, location: 2F 1-2: Ball 2-2: SINGLE (Flyball, 89S, EV 90.6 MPH)
|
|
Batting: RHB Tony Cabrera
|
0-0: Called Strike 0-1: Swinging Strike 0-2: Fly out, F5 (Popup, 25F, EV 81.2 MPH)
|
|
Batting: RHB Dave de Wolff
|
0-0: Called Strike 0-1: Foul Ball, location: 2F 0-2: Strikes out swinging
|
|
Batting: SHB Suzunosuke Yamaguchi
|
0-0: Swinging Strike 0-1: Ball 1-1: Ball 2-1: Ball 3-1: Base on Balls Francisco Cabrera to second
|
|
Batting: RHB Robby Herrera
|
0-0: Ball 1-0: Called Strike 1-1: Swinging Strike 1-2: Fly out, F7 (Flyball, 7D, EV 85.0 MPH)
|
| Bottom of the 2nd over - 0 runs, 1 hit, 0 errors, 2 left on base; Mississippi State University 0 - Coastal Carolina University 1 |
| TOP OF THE 3RD |
|
Mississippi State University Bulldogs batting - Pitching for Coastal Carolina University Chanticleers : RHP Justin Holdeman
|
|
Batting: RHB Justin Young
|
0-0: Ball 1-0: Ground out 5-3 (Groundball, 56S, EV 66.2 MPH)
|
|
Batting: RHB George Wagner
|
0-0: Ball 1-0: Called Strike 1-1: Swinging Strike 1-2: Ball 2-2: Ball 3-2: SINGLE (Groundball, 34D, EV 101.2 MPH)
|
|
Batting: RHB Bryan Payne
|
0-0: Ball George Wagner is caught stealing 2nd base 2-4 1-0: Ball 2-0: Called Strike 2-1: Foul Ball, location: 2F 2-2: Ball 3-2: DOUBLE (Line Drive, 8LD, EV 94.4 MPH)
|
|
Batting: LHB Rich Matthews
|
0-0: Ground out 1-3 (Groundball, 13S, EV 63.1 MPH)
|
| Top of the 3rd over - 0 runs, 2 hits, 0 errors, 1 left on base; Mississippi State University 0 - Coastal Carolina University 1 |
| BOTTOM OF THE 3RD |
|
Coastal Carolina University Chanticleers batting - Pitching for Mississippi State University Bulldogs : LHP Shi-yu Lou
|
|
Batting: SHB Gustavo Froio
|
0-0: Called Strike 0-1: DOUBLE (Line Drive, 9LS, EV 100.0 MPH)
|
|
Batting: SHB Brian Zazulak
|
0-0: Called Strike 0-1: Ground out U3 (Groundball, 3S, EV 66.2 MPH) Gustavo Froio to third
|
|
Batting: SHB Guy Jerome
|
0-0: Ball 1-0: Foul Ball, location: 2F 1-1: Foul Ball, location: 2F 1-2: SINGLE (Groundball, 6MD, EV 94.4 MPH) Gustavo Froio scores
|
|
Batting: RHB Steve Hutchins
|
0-0: Ball 1-0: Ball 2-0: SINGLE (Flyball, 5D, EV 86.2 MPH) Guy Jerome to second
|
|
Batting: RHB Francisco Cabrera
|
0-0: Ball 1-0: Ball 2-0: Ball 3-0: Base on Balls Guy Jerome to third Steve Hutchins to second
|
|
Batting: RHB Tony Cabrera
|
0-0: Ball 1-0: Ball 2-0: Called Strike 2-1: Fly out, F4 (Popup, 13, EV 83.1 MPH)
|
|
Batting: RHB Dave de Wolff
|
0-0: Fly out, F8 (Flyball, 8RM, EV 91.9 MPH)
|
| Bottom of the 3rd over - 1 run, 3 hits, 0 errors, 3 left on base; Mississippi State University 0 - Coastal Carolina University 2 |
| TOP OF THE 4TH |
|
Mississippi State University Bulldogs batting - Pitching for Coastal Carolina University Chanticleers : RHP Justin Holdeman
|
|
Batting: RHB Xiao-shuang Au
|
0-0: Ball 1-0: Ground out 6-3 (Groundball, 56D, EV 106.9 MPH)
|
|
Batting: RHB Alain Marquet
|
0-0: Ball 1-0: Foul Ball, location: 2F 1-1: SINGLE (Line Drive, 8LS, EV 95.6 MPH)
|
|
Batting: SHB Corey Penson
|
0-0: Ball 1-0: Ball 2-0: Called Strike 2-1: Fly out, F8 (Flyball, 78M, EV 85.0 MPH)
|
|
Batting: RHB Mike Bearden
|
0-0: Ground out 5-3 (Groundball, 25, EV 83.8 MPH)
|
| Top of the 4th over - 0 runs, 1 hit, 0 errors, 1 left on base; Mississippi State University 0 - Coastal Carolina University 2 |
| BOTTOM OF THE 4TH |
|
Coastal Carolina University Chanticleers batting - Pitching for Mississippi State University Bulldogs : LHP Shi-yu Lou
|
|
Batting: SHB Suzunosuke Yamaguchi
|
0-0: Called Strike 0-1: Ball 1-1: Foul Ball, location: 2F 1-2: Ball 2-2: Ball 3-2: Foul Ball, location: 2F 3-2: Reached on error, E1 (Groundball, 15S, EV 71.9 MPH)
|
|
Batting: RHB Robby Herrera
|
0-0: SINGLE (Groundball, 56D, EV 101.9 MPH) Suzunosuke Yamaguchi to second
|
|
Batting: SHB Gustavo Froio
|
0-0: Ball 1-0: Fielders Choice at 2nd, 6-4 (Groundball, 6, EV 83.8 MPH) Suzunosuke Yamaguchi to third
|
|
Batting: SHB Brian Zazulak
|
0-0: Ball 1-0: Fly out, F5 (Flyball, 5D, EV 85.0 MPH)
|
|
Batting: SHB Guy Jerome
|
0-0: Ball 1-0: DOUBLE (Line Drive, 89D, EV 100.6 MPH) Suzunosuke Yamaguchi scores Gustavo Froio to third Runner from 3rd tries for Home, SAFE, no throw by CF
|
|
Pitching: LHP Jon Lawson
|
|
|
Batting: RHB Steve Hutchins
|
0-0: Ball 1-0: Ball 2-0: Called Strike 2-1: Foul Ball, location: 2F 2-2: Hit by Pitch
|
|
Batting: RHB Francisco Cabrera
|
0-0: Called Strike 0-1: Ball 1-1: Swinging Strike 1-2: Ball 2-2: Strikes out swinging
|
| Bottom of the 4th over - 2 runs, 2 hits, 1 error, 2 left on base; Mississippi State University 0 - Coastal Carolina University 4 |
| TOP OF THE 5TH |
|
Mississippi State University Bulldogs batting - Pitching for Coastal Carolina University Chanticleers : RHP Justin Holdeman
|
|
Batting: LHB Dave Carlisle
|
0-0: Swinging Strike 0-1: Foul Ball, location: 2F 0-2: Strikes out swinging
|
|
Batting: RHB Justin Young
|
0-0: Swinging Strike 0-1: Ball 1-1: Ball 2-1: Swinging Strike 2-2: Strikes out swinging
|
|
Batting: RHB George Wagner
|
0-0: Called Strike 0-1: Ball 1-1: Foul Ball, location: 2F 1-2: Ball 2-2: Ball 3-2: Ground out U3 (Groundball, 34, EV 107.5 MPH)
|
| Top of the 5th over - 0 runs, 0 hits, 0 errors, 0 left on base; Mississippi State University 0 - Coastal Carolina University 4 |
| BOTTOM OF THE 5TH |
|
Coastal Carolina University Chanticleers batting - Pitching for Mississippi State University Bulldogs : LHP Jon Lawson
|
|
Batting: RHB Tony Cabrera
|
0-0: Ball 1-0: Ball 2-0: Foul Ball, location: 2F 2-1: Ball 3-1: Foul Ball, location: 2F 3-2: Foul Ball, location: 2F 3-2: Base on Balls
|
|
Batting: RHB Dave de Wolff
|
0-0: Ball 1-0: Called Strike 1-1: Swinging Strike 1-2: Foul Ball, location: 2F 1-2: Strikes out looking
|
|
Batting: SHB Suzunosuke Yamaguchi
|
0-0: Foul Ball, location: 2F 0-1: Called Strike 0-2: Ball 1-2: Foul Ball, location: 2F 1-2: Ball 2-2: Ball 3-2: Ground out 6-3 (Groundball, 6, EV 85.6 MPH) Tony Cabrera to second
|
|
Batting: RHB Robby Herrera
|
0-0: Called Strike 0-1: Fly out, F8 (Flyball, 8RXD, EV 108.8 MPH)
|
| Bottom of the 5th over - 0 runs, 0 hits, 0 errors, 1 left on base; Mississippi State University 0 - Coastal Carolina University 4 |
| TOP OF THE 6TH |
|
Mississippi State University Bulldogs batting - Pitching for Coastal Carolina University Chanticleers : RHP Justin Holdeman
|
|
Batting: RHB Bryan Payne
|
0-0: Foul Ball, location: 2F 0-1: Ball 1-1: Foul Ball, location: 2F 1-2: Ball 2-2: SINGLE (Groundball, 56D, EV 108.1 MPH)
|
|
Pitching: LHP Jon Lizarraga
|
|
|
Batting: LHB Rich Matthews
|
0-0: Called Strike 0-1: Ball 1-1: Fielders Choice at 2nd, 4-6 (Groundball, 4, EV 105.0 MPH)
|
|
Batting: RHB Xiao-shuang Au
|
0-0: Called Strike 0-1: Ball 1-1: Ball 2-1: Foul Ball, location: 2F 2-2: Hit by Pitch Rich Matthews to second
|
|
Batting: RHB Alain Marquet
|
0-0: Ball 1-0: Ball 2-0: Foul Ball, location: 2F 2-1: Fly out, F3 (Popup, 34S, EV 71.2 MPH)
|
|
Batting: SHB Corey Penson
|
0-0: Ball 1-0: Ball 2-0: Called Strike 2-1: Foul Ball, location: 2F 2-2: Foul Ball, location: 2F 2-2: Ball 3-2: Fly out, F3 (Popup, 34, EV 60.0 MPH)
|
| Top of the 6th over - 0 runs, 1 hit, 0 errors, 2 left on base; Mississippi State University 0 - Coastal Carolina University 4 |
| BOTTOM OF THE 6TH |
|
Coastal Carolina University Chanticleers batting - Pitching for Mississippi State University Bulldogs : LHP Jon Lawson
|
|
Batting: SHB Gustavo Froio
|
0-0: Called Strike 0-1: Swinging Strike 0-2: Foul Ball, location: 2F 0-2: Strikes out swinging
|
|
Batting: SHB Brian Zazulak
|
0-0: Foul Ball, location: 2F 0-1: Called Strike 0-2: Ball 1-2: Foul Ball, location: 2F 1-2: Ball 2-2: Strikes out looking
|
|
Batting: SHB Guy Jerome
|
0-0: Foul Ball, location: 2F 0-1: Foul Ball, location: 2F 0-2: Ball 1-2: Ball 2-2: Foul Ball, location: 2F 2-2: Ball 3-2: Base on Balls
|
|
Pitching: RHP Kazuki Arai
|
|
|
Batting: RHB Steve Hutchins
|
0-0: Ball 1-0: Foul Ball, location: 2F 1-1: Foul Ball, location: 2F 1-2: Strikes out swinging
|
| Bottom of the 6th over - 0 runs, 0 hits, 0 errors, 1 left on base; Mississippi State University 0 - Coastal Carolina University 4 |
| TOP OF THE 7TH |
|
Mississippi State University Bulldogs batting - Pitching for Coastal Carolina University Chanticleers : LHP Jon Lizarraga
|
|
Batting: RHB Mike Bearden
|
0-0: Foul Ball, location: 2F 0-1: Foul Ball, location: 2F 0-2: Strikes out swinging
|
|
Batting: LHB Dave Carlisle
|
0-0: Ground out U3 (Groundball, 34S, EV 68.8 MPH)
|
|
Batting: RHB Justin Young
|
0-0: Ball 1-0: Foul Ball, location: 2F 1-1: Foul Ball, location: 2F 1-2: Strikes out looking
|
| Top of the 7th over - 0 runs, 0 hits, 0 errors, 0 left on base; Mississippi State University 0 - Coastal Carolina University 4 |
| BOTTOM OF THE 7TH |
|
Coastal Carolina University Chanticleers batting - Pitching for Mississippi State University Bulldogs : RHP Kazuki Arai
|
|
Batting: RHB Francisco Cabrera
|
0-0: Ball 1-0: Ball 2-0: Swinging Strike 2-1: DOUBLE (Flyball, 89XD, EV 96.9 MPH)
|
|
Batting: RHB Tony Cabrera
|
0-0: Ball 1-0: Ball 2-0: Fly out, F7 (Flyball, 7, EV 86.2 MPH)
|
|
Batting: RHB Dave de Wolff
|
0-0: SINGLE (Groundball, 6D, EV 95.6 MPH) Francisco Cabrera to third
|
|
Batting: SHB Suzunosuke Yamaguchi
|
0-0: Called Strike 0-1: Foul Ball, location: 2F 0-2: Ball 1-2: Ball 2-2: Foul Ball, location: 2F 2-2: Ball 3-2: Base on Balls Dave de Wolff to second
|
|
Batting: RHB Robby Herrera
|
0-0: Foul Ball, location: 2F 0-1: Swinging Strike 0-2: Strikes out swinging
|
|
Batting: SHB Gustavo Froio
|
0-0: Swinging Strike 0-1: Fielders Choice at 2nd, 5-4 (Groundball, 56, EV 89.4 MPH)
|
| Bottom of the 7th over - 0 runs, 2 hits, 0 errors, 3 left on base; Mississippi State University 0 - Coastal Carolina University 4 |
| TOP OF THE 8TH |
|
Mississippi State University Bulldogs batting - Pitching for Coastal Carolina University Chanticleers : LHP Jon Lizarraga
|
|
Pitching: RHP Matt Elliott
|
|
|
Batting: RHB George Wagner
|
0-0: Called Strike 0-1: Foul Ball, location: 2F 0-2: Strikes out swinging
|
|
Batting: RHB Bryan Payne
|
0-0: Swinging Strike 0-1: Ball 1-1: Called Strike 1-2: Strikes out swinging
|
|
Batting: LHB Rich Matthews
|
0-0: Fly out, F8 (Flyball, 8RD, EV 86.2 MPH)
|
| Top of the 8th over - 0 runs, 0 hits, 0 errors, 0 left on base; Mississippi State University 0 - Coastal Carolina University 4 |
| BOTTOM OF THE 8TH |
|
Coastal Carolina University Chanticleers batting - Pitching for Mississippi State University Bulldogs : RHP Kazuki Arai
|
|
Pitching: LHP Jarrett Kelley
|
|
|
Batting: SHB Brian Zazulak
|
0-0: Ball 1-0: Ball 2-0: Ball 3-0: Base on Balls
|
|
Batting: SHB Guy Jerome
|
0-0: Ball 1-0: Fly out, F3 (Popup, 3SF, EV 75.0 MPH)
|
|
Batting: RHB Steve Hutchins
|
0-0: Foul Ball, location: 2F 0-1: Called Strike 0-2: Ball 1-2: Ball 2-2: Fielders Choice at 2nd, 4-6 (Groundball, 4, EV 80.0 MPH)
|
|
Batting: RHB Francisco Cabrera
|
0-0: Called Strike 0-1: Called Strike 0-2: Strikes out looking
|
| Bottom of the 8th over - 0 runs, 0 hits, 0 errors, 1 left on base; Mississippi State University 0 - Coastal Carolina University 4 |
| TOP OF THE 9TH |
|
Mississippi State University Bulldogs batting - Pitching for Coastal Carolina University Chanticleers : RHP Matt Elliott
|
|
Pitching: RHP Keith Booth
|
|
|
Pinch Hitting: LHB Dusty Bryant
|
0-0: Foul Ball, location: 2F 0-1: Swinging Strike 0-2: Ball 1-2: Strikes out swinging
|
|
Batting: RHB Alain Marquet
|
0-0: Called Strike 0-1: Ball 1-1: Reached on error, E6 (Groundball, 6S, EV 60.0 MPH)
|
|
Batting: SHB Corey Penson
|
0-0: Ball 1-0: Ball 2-0: Called Strike 2-1: Foul Ball, location: 2F 2-2: Ball 3-2: Fly out, F8 (Flyball, 78D, EV 103.8 MPH)
|
|
Batting: RHB Mike Bearden
|
0-0: Ground out 6-3 (Groundball, 6, EV 110.0 MPH)
|
| Top of the 9th over - 0 runs, 0 hits, 1 error, 1 left on base; Mississippi State University 0 - Coastal Carolina University 4 |
|